 Dungeon Crawl Stone Soup version 0.30-a0-313-gae38170b09 (webtiles) character file.

Game seed: 4793322252875883327

198750 retardedninja the Phalangite (level 18, -1/174 HPs)
             Began as a Hill Orc Fighter on Oct 26, 2022.
             Was an Initiate of Gozag.
             Slain by a slime creature (2 damage)
             ... on level 4 of the Pits of Slime.
             The game lasted 01:01:53 (31191 turns).

retardedninja the Phalangite (Hill Orc Fighter)    Turns: 31191, Time: 01:01:54

Health: -1/174     AC: 16    Str: 35    XL:     18   Next: 45%
Magic:  0/16       EV: 11    Int: 18    God:    Gozag
Gold:   4597       SH:  0    Dex: 10    Spells: 17/17 levels left

rFire   + . .      SeeInvis +    m - +5 glaive of the Guard {elec, spectral, AC+5}
rCold   + . .      Faith    .    (shield currently unavailable)
rNeg    + . .      Spirit   +    g - +7 chain mail "Juheg" {Fly rPois Str+2 Dex-5}
rPois   +          Reflect  .    I - +2 helmet
rElec   .          Harm     .    G - +2 cloak
rCorr   +          Rampage  .    D - +2 pair of gloves
Will    .....      NoCast   +    E - +2 pair of boots of the Poles {-Cast rF+ Str+3}
Stlth   +.........               s - amulet "Fufurin" {Spirit +Blink Will- Int+4 SInv}
HPRegen 0.49/turn                B - ring "Soismun" {rN+ rCorr AC+4}
MPRegen 0.15/turn                z - ring of Banicawe {rC+ Str+3 Int+6 Dex+5}

@: corroded, gold aura, flying, studying Armour, invisible
A: low MP 1
}: 1/15 runes: gossamer
a: Renounce Religion, Evoke Blink, Potion Petition, Call Merchant, Bribe Branch


You were on level 4 of the Pits of Slime.
You worshipped Gozag.
Gozag was most pleased with you.
You visited 6 branches of the dungeon, and saw 31 of its levels.
You also visited: Trove.

You collected 9876 gold pieces.
You spent 3381 gold pieces at shops.
You paid 1898 gold pieces to Gozag.

Inventory:

Hand Weapons
 m - the +5 glaive of the Guard (weapon) {elec, spectral, AC+5}
   (You found it on level 2 of the Dungeon)

   It occasionally discharges a powerful burst of electricity upon striking a
   foe.
   When it strikes, its spirit leaps out and fights alongside the wielder.
   AC:        It affects your AC (+5).
 Q - the +11 war axe of Uvufan {vorpal, *Rage rPois rCorr SInv}
   (You bought it in a shop on level 2 of the Orcish Mines)

   It inflicts extra damage upon your enemies.
   rPois:     It protects you from poison.
   SInv:      It lets you see invisible.
   *Rage:     It berserks you when you make melee attacks (+20% chance).
   rCorr:     It protects you from acid and corrosion.
Missiles
 w - 8 javelins
Armour
 g - the +7 chain mail "Juheg" (worn) {Fly rPois Str+2 Dex-5}
   (You found it on level 9 of the Dungeon)

   Str:       It affects your strength (+2).
   Dex:       It affects your dexterity (-5).
   rPois:     It protects you from poison.
   Fly:       It grants you flight.
 D - a +2 pair of gloves (worn)
 E - the +2 pair of boots of the Poles (worn) {-Cast rF+ Str+3}
   (You bought it in a shop on level 2 of the Orcish Mines)

   Str:       It affects your strength (+3).
   rF:        It protects you from fire.
   -Cast:     It prevents spellcasting.
 G - a +2 cloak (worn)
 I - a +2 helmet (worn)
Jewellery
 c - a ring of poison resistance
 s - the amulet "Fufurin" (around neck) {Spirit +Blink Will- Int+4 SInv}
   (You found it in a treasure trove)

   [amulet of guardian spirit]

   It causes incoming damage to be divided between your reserves of health and
   magic.
   Int:       It affects your intelligence (+4).
   SInv:      It lets you see invisible.
   +Blink:    It lets you blink.
   Will:      It decreases your willpower.
 z - the ring of Banicawe (right hand) {rC+ Str+3 Int+6 Dex+5}
   (You found it in a treasure trove)

   [ring of intelligence]

   Str:       It affects your strength (+3).
   Int:       It affects your intelligence (+6).
   Dex:       It affects your dexterity (+5).
   rC:        It protects you from cold.
 B - the ring "Soismun" (left hand) {rN+ rCorr AC+4}
   (You bought it in a shop on level 5 of the Lair of Beasts)

   [ring of protection]

   AC:        It affects your AC (+4).
   rN:        It protects you from negative energy.
   rCorr:     It protects you from acid and corrosion.
Wands
 a - a wand of acid (15)
 d - a wand of paralysis (14)
 i - a wand of mindburst (12) (quivered)
 u - a wand of iceblast (8)
 J - a wand of flame (41)
Scrolls
 b - 3 scrolls of blinking
 e - 7 scrolls of identify
 j - 13 scrolls of teleportation
 q - 4 scrolls of fear
 y - a scroll of poison
 M - a scroll of brand weapon
 O - 3 scrolls of fog
Potions
 f - 2 potions of cancellation
 k - 13 potions of curing
 n - 4 potions of brilliance
 o - 2 potions of magic
 r - 2 potions of degeneration {unknown}
 t - 3 potions of berserk rage {unknown}
 x - 10 potions of ambrosia
 A - 2 potions of heal wounds
Miscellaneous
 K - a phantom mirror
 L - a box of beasts
 N - a lightning rod (4/4)
 T - a condenser vane
 X - a phial of floods


   Skills:
 + Level 18.9 Fighting
 + Level 4.3(18.6) Axes
 + Level 23.4(23.5) Polearms
 + Level 4.8 Throwing
 + Level 16.4 Armour
 + Level 4.4 Dodging
 + Level 8.7 Stealth
 + Level 4.0 Shields
 + Level 5.4 Evocations


You had 17 spell levels left.
You didn't know any spells.
Your spell library contained the following spells:

 Spells                   Type           Power      Damage    Failure   Level
 Foxfire                  Conj/Fire      0%         2x1d4     50%         1
 Kiss of Death            Conj/Necr      0%         2d5       50%         1
 Sandblast                Erth           0%         2d4       50%         1
 Cigotuvi's Dreadful Rot  Necr/Pois/Air  0%         N/A       65%         2
 Ensorcelled Hibernation  Hex/Ice        0%         N/A       65%         2
 Passwall                 Tmut/Erth      0%         N/A       65%         2
 Poisonous Vapours        Pois/Air       0%         N/A       65%         2
 Sublimation of Blood     Necr           0%         N/A       65%         2
 Wereblood                Tmut           0%         N/A       65%         2
 Confusing Touch          Hex            0%         N/A       86%         3
 Frozen Ramparts          Ice            0%         1d1       86%         3
 Ignite Poison            Fire/Tmut/Pois 0%         N/A       86%         3
 Kindle Blastsparks       Fire/Tloc/Air  0%         2d10      86%         3
 Mephitic Cloud           Conj/Pois/Air  0%         N/A       86%         3
 Stone Arrow              Conj/Erth      0%         3d7       86%         3
 Swiftness                Air            0%         N/A       86%         3
 Tukima's Dance           Hex            0%         N/A       86%         3
 Dispel Undead            Necr           0%         3d6       99%         4
 Ice Form                 Ice/Tmut       0%         N/A       99%         4
 Passage of Golubria      Tloc           0%         N/A       99%         4
 Summon Ice Beast         Ice/Summ       0%         N/A       99%         4
 Alistair's Intoxication  Tmut/Pois      0%         N/A       100%        5
 Blade Hands              Tmut           0%         N/A       100%        5
 Borgnjor's Vile Clutch   Necr/Erth      0%         N/A       100%        5
 Fireball                 Conj/Fire      0%         3d3       100%        5
 Freezing Cloud           Conj/Ice/Air   0%         6-21      100%        5
 Irradiate                Conj/Tmut      0%         3d11      100%        5
 Summon Forest            Summ/Tloc      0%         N/A       100%        5
 Yara's Violent Unravell  Hex/Tmut       0%         3d3       100%        5
 Death Channel            Necr           0%         N/A       100%        6
 Eringya's Noxious Bog    Tmut/Pois      0%         N/A       100%        6
 Starburst                Conj/Fire      0%         6d3       100%        6
 Dragon Form              Tmut           0%         N/A       100%        7
 Summon Hydra             Summ           0%         N/A       100%        7
 Borgnjor's Revivificati  Necr           0%         N/A       100%        8
 Necromutation            Tmut/Necr      0%         N/A       100%        8
 Death's Door             Necr           0%         N/A       100%        9


Dungeon Overview and Level Annotations

Branches:
Dungeon (14/15)            Temple (1/1) D:4            Lair (5/5) D:9
 Shoals (0/4) Lair:3       Spider (4/4) Lair:2        Slime (5/5) Lair:5
    Orc (2/2) D:10            Elf (0/3) Orc:2        Vaults (0/5) D:14

Altars:
Ashenzari
Cheibriados
Dithmenos
Elyvilon
Fedhas
Gozag
Hepliaklqana
Kikubaaqudgha
Makhleb
Nemelex Xobeh
Okawaru
Qazlal
Ru
Sif Muna
Trog
Uskayaw
Vehumet
Wu Jian
Xom
Yredelemnul
Zin
The Shining One
Jiyva

Shops:
D:4 (   D:7 *   D:8 [   D:10 *   D:13 :   Orc:2 [?((:**   Lair:5 =

Portals:
Pandemonium: Orc:2

Annotations:
D:11 3 runed translucent doors


Innate Abilities, Weirdness & Mutations

Your magical capacity is low. (-10% MP)


Message History

Okay, then.
You are too confused!
You are too confused!
You feel much better. The slime creature hits you!
* * * LOW HITPOINT WARNING * * *
The acid blob hits you but does no damage.
You feel much better.
You feel less invigorated.
You feel less confused. The acid blob hits you!!
You are splashed with acid.
You resist. The slime creature misses you. The acid blob spits acid at you.
The splash of acid hits you. You resist.
* * * LOW HITPOINT WARNING * * *
You fade into invisibility!
The acid blob hits you but does no damage. x2
The slime creature closely misses you.
The acid blob hits you but does no damage.
You slash the acid blob!
Your hands burn!
* * * LOW HITPOINT WARNING * * *
The acid blob is moderately wounded.
Your +5 glaive of the Guard {elec, spectral, AC+5} hits the acid blob from afar!!
The acid blob spits acid at you. The splash of acid hits you! You resist.
* * * LOW HITPOINT WARNING * * *
The slime creature hits you.
* * * LOW HITPOINT WARNING * * *
You slice the acid blob!!
Your hands burn!
* * * LOW HITPOINT WARNING * * *
The acid blob is severely wounded.
Your +5 glaive of the Guard {elec, spectral, AC+5} hits the acid blob from afar!!
The acid blob hits you!!
* * * LOW HITPOINT WARNING * * *
The acid corrodes you!
You are splashed with acid.
You resist.
* * * LOW HITPOINT WARNING * * *
The acid blob spits acid at your +5 glaive of the Guard {elec, spectral, AC+5}.
The splash of acid hits you! You resist.
* * * LOW HITPOINT WARNING * * *
The slime creature hits you.
You die...
Your body crumbles into a pile of gold.

##...........#........#
#....................##
##.#................##
###...............##
##................#
#.............#...##
##.#..........#....#
##...JJ>.........##
#...(@J...#......#
##.<.............## .#
###..............###
...#........#.......#
.............#.....##
#..#.#......####.### ##
##......## ### #....###
##....#


You could see 2 acid blobs, a slime creature (unable to see you) and a friendly
+5 glaive of the Guard {elec, spectral, AC+5} (summoned).

Vanquished Creatures
  Nikola (Spider:2)
  Arachne (Spider:4)
  Mlioglotl (Spider:2)
  10 acid blobs
  Frances (D:13)
  An azure jelly (Slime:3)
  The ghost of retardedninja the Warrior, a journeyman MiFi of Gozag (Spider:1)
  3 rockslimes
  8 emperor scorpions
  3 ghost moths
  2 orc warlords (Orc:2)
  Louise (Spider:4)
  The ghost of ytrimaz the Martial Artist, a journeyman OpTm of Ashenzari (Spider:1)
  An ironbound preserver (D:14)
  4 quicksilver oozes
  A fire dragon (Lair:5)
  The ghost of KennySheep the Destroyer, a journeyman DgCj (D:12)
  3 entropy weavers
  A great orb of eyes (Slime:4)
  5 hydras
  A rakshasa (D:11)
  A demonspawn (Orc:2)
  2 catoblepae
  2 centaur warriors (D:14)
  4 radroaches
  4 tengu warriors (D:13)
  10 boulder beetles
  2 two-headed ogres
  Urug (Lair:5)
  Sonja (Lair:2)
  A fire crab (Lair:5)
  9 orc high priests (Orc:2)
  7 pharaoh ants
  8 skeletal warriors
  11 orb spiders
  8 steelbarb worms
  2 lindwurms
  3 deep elf pyromancers
  4 harpies (D:13)
  Pikel (D:4)
  4 orc knights (Orc:2)
  A wolf spider (shapeshifter) (D:13)
  3 manticores
  2 ugly things
  17 wolf spiders
  The ghost of sirJeffrey23 the Basher, a novice FoFi (D:7)
  5 orc sorcerers
  A shining eye (Slime:5)
  6 cyclopes
  A salamander (shapeshifter) (D:13)
  Maurice (D:8)
  14 elephants
  2 moths of wrath
  11 black mambas
  3 molten gargoyles (Lair:5)
  7 torpor snails
  A rust devil (Orc:2)
  4 gargoyles
  An eye of devastation (Slime:2)
  7 cane toads
  5 demonic crawlers
  2 efreet
  9 rime drakes
  4 kobold demonologists
  2 tengu conjurers
  A yaktaur (D:11)
  An ice devil (Orc:2)
  9 komodo dragons
  A hellwing (Orc:2)
  8 trolls
  A meliai (D:11)
  4 polar bears
  Prince Ribbit (D:8)
  A queen bee (Lair:3)
  30 tarantellas
  13 blink frogs
  2 hornets (D:9)
  53 slime creatures
  A snapping turtle (Lair:3)
  19 jumping spiders
  27 culicivoras
  8 centaur simulacra
  2 vampires
  A shadow (D:10)
  Eustachio (D:5)
  7 wraiths
  10 wyverns
  6 vampire mosquitoes
  33 yaks
  A basilisk (shapeshifter) (D:11)
  12 basilisks
  46 redbacks
  4 steam dragons
  2 chaos spawn (Orc:2)
  4 wargs (Orc:2)
  An acid dragon (D:11)
  12 water moccasins
  Duvessa (D:6)
  A meliai simulacrum (D:12)
  5 hell hounds (Lair:5)
  A sky beast (D:7)
  34 orc warriors
  3 black bears
  2 ice beasts
  7 ogres
  12 wolves
  15 centaurs
  2 lemures (D:4)
  2 phantoms (D:5)
  6 kobold brigands
  5 bullfrogs
  A necrophage (D:6)
  6 scorpions
  11 wights
  Dowan (D:6)
  36 killer bees
  3 troll zombies (D:10)
  8 howler monkeys
  7 electric eels
  5 lava snakes (Lair:5)
  6 hounds
  34 orc priests
  4 jellies
  Crazy Yiuf (D:6)
  3 iguanas
  25 orc wizards
  10 hell rats (Lair:3)
  3 ogre zombies (D:10)
  8 gnolls
  10 adders
  A river rat (Lair:3)
  A shadow imp (D:7)
  2 white imps
  An ufetubus (D:5)
  3 worms
  3 dart slugs
  77 orcs
  4 ball pythons
  5 bats
  9 endoplasms
  3 giant cockroaches
  6 goblins
  11 hobgoblins
  8 jackals
  2 quokkas
  4 frilled lizards
  3 goblin zombies (D:10)
  3 hobgoblin zombies (D:10)
  18 kobolds
  3 orc skeletons (D:10)
  10 orc zombies (D:10)
  5 rats
1028 creatures vanquished.

Vanquished Creatures (others)
  A yak (D:10)
  An orc wizard (D:10)
  An orc (D:10)
  13 bushes (D:11)
  13 fungi
  16 plants
45 creatures vanquished.

Grand Total: 1073 creatures vanquished

Notes
Turn   | Place    | Note
-------+----------+-------------------------------------------
     0 | D:1      | retardedninja the Hill Orc Fighter began the quest for the
                  | Orb.
     0 | D:1      | Reached XP level 1. HP: 19/19 MP: 1/1
    64 | D:1      | Found a faded altar of an unknown god.
    72 | D:1      | Reached XP level 2. HP: 16/27 MP: 2/2
   397 | D:1      | Reached XP level 3. HP: 33/33 MP: 3/3
   955 | D:2      | Found the +5 glaive of the Guard {elec, spectral, AC+5}
  1014 | D:2      | Reached XP level 4. HP: 38/40 MP: 4/4
  1458 | D:3      | Reached skill level 1 in Polearms
  1459 | D:3      | Reached XP level 5. HP: 46/46 MP: 5/5
  1762 | D:4      | Found Miom's Antique Weapon Shoppe.
  1840 | D:4      | Found a staircase to the Ecumenical Temple.
  1844 | D:4      | Noticed an ogre
  1846 | D:4      | Reached skill level 2 in Polearms
  1850 | D:4      | Killed an ogre
  1851 | D:4      | Reached skill level 3 in Polearms
  1851 | D:4      | Reached skill level 1 in Throwing
  1851 | D:4      | Reached XP level 6. HP: 52/53 MP: 6/6
  1933 | D:4      | Noticed Pikel
  1940 | D:4      | Killed Pikel
  1941 | D:4      | Reached skill level 5 in Polearms
  1941 | D:4      | Reached skill level 1 in Dodging
  1941 | D:4      | Reached XP level 7. HP: 56/60 MP: 7/7
  1969 | Temple   | Entered the Ecumenical Temple
  2371 | D:5      | Entered Level 5 of the Dungeon
  2373 | D:5      | Reached skill level 6 in Polearms
  2435 | D:5      | Reached XP level 8. HP: 64/67 MP: 8/8
  2491 | D:5      | Noticed Eustachio
  2495 | D:5      | Killed Eustachio
  2496 | D:5      | Reached skill level 5 in Fighting
  2542 | D:5      | Found a radiant altar of Vehumet.
  2563 | D:5      | Reached skill level 7 in Polearms
  2564 | D:5      | Reached skill level 5 in Armour
  2999 | D:6      | Noticed Duvessa
  2999 | D:6      | Noticed Dowan
  3000 | D:6      | Killed Duvessa
  3002 | D:6      | Killed Dowan
  3003 | D:6      | Reached XP level 9. HP: 69/74 MP: 9/9
  3058 | D:6      | Reached skill level 8 in Polearms
  3559 | D:6      | Reached skill level 9 in Polearms
  3761 | D:6      | Found a runed translucent door.
  3762 | D:6      | Noticed Crazy Yiuf
  4112 | D:6      | Killed Crazy Yiuf
  4289 | D:7      | Found an opulent altar of Gozag.
  4290 | D:7      | Found Gozag's Platinum Reserve.
  4300 | D:7      | Became a worshipper of Gozag Ym Sagoz the Greedy
  4402 | D:7      | Found a runed translucent door.
  4412 | D:7      | Noticed sirJeffrey23's ghost (novice FoFi)
  4445 | D:7      | Reached skill level 10 in Polearms
  4954 | D:7      | Killed sirJeffrey23's ghost
  4955 | D:7      | Reached XP level 10. HP: 78/84 MP: 10/10
  5028 | D:8      | Noticed Maurice
  5058 | D:8      | Killed Maurice
  5059 | D:8      | Reached skill level 11 in Polearms
  5586 | D:8      | Found Wilu's Armour Boutique.
  5624 | D:8      | Noticed Prince Ribbit
  5629 | D:8      | Killed Prince Ribbit
  5630 | D:8      | Reached skill level 1 in Stealth
  5825 | D:8      | Noticed a two-headed ogre
  5831 | D:8      | Killed a two-headed ogre
  5832 | D:8      | Reached skill level 12 in Polearms
  6277 | D:9      | Reached skill level 1 in Evocations
  6277 | D:9      | Reached XP level 11. HP: 94/94 MP: 11/11
  6291 | D:9      | Found a staircase to the Lair.
  6299 | D:9      | Paralysed by a hornet for 2 turns
  6307 | D:9      | Reached skill level 13 in Polearms
  7274 | D:8      | Bought +0 storm dragon scales for 800 gold pieces
  7530 | D:9      | Found a snail-covered altar of Cheibriados.
  7585 | D:9      | Found a shadowy altar of Dithmenos.
  7948 | D:9      | Identified the +7 chain mail "Juheg" {Fly rPois Str+2
                  | Dex-5}
  7995 | D:10     | Entered Level 10 of the Dungeon
  8153 | D:10     | Found Ustruig's General Store.
  8249 | D:10     | Noticed an orc sorcerer
  8252 | D:10     | Killed an orc sorcerer
  8253 | D:10     | Reached skill level 14 in Polearms
  8254 | D:10     | Found a staircase to the Orcish Mines.
  8598 | D:11     | Noticed a two-headed ogre
  8602 | D:10     | Killed a two-headed ogre
  8812 | D:11     | Noticed a cyclops
  9029 | Lair:1   | Entered Level 1 of the Lair of Beasts
  9038 | Lair:1   | Reached XP level 12. HP: 95/104 MP: 12/12
  9074 | Lair:1   | Identified the ring "Heloaruj" {rCorr Str+3 Int+5}
  9260 | Lair:1   | Reached skill level 15 in Polearms
  9755 | Lair:2   | Found a hole to the Spider Nest.
  9769 | Lair:2   | Reached skill level 10 in Fighting
 10023 | Lair:2   | Noticed a seven-headed hydra
 10033 | Lair:2   | Killed a 12-headed hydra
 10233 | Lair:2   | Reached skill level 16 in Polearms
 10558 | Lair:2   | Noticed Sonja
 10573 | Lair:2   | Killed Sonja
 11771 | Lair:3   | Noticed a catoblepas
 11782 | Lair:3   | Killed a catoblepas
 11783 | Lair:3   | Reached XP level 13. HP: 111/114 MP: 13/13
 11874 | Lair:3   | Reached skill level 10 in Armour
 11916 | Lair:3   | Reached skill level 17 in Polearms
 12096 | Lair:3   | Identified the +6 falchion "Kalic" {flame, rN+ rCorr Dex+4}
 12359 | Lair:3   | Found a staircase to the Shoals.
 12956 | Lair:4   | Identified the +8 war axe of Linearity {freeze, Str+3}
 13031 | Lair:4   | Identified the +5 halberd of the Snake Pit {vorpal, rCorr
                  | Int+3}
 13742 | Lair:5   | Entered Level 5 of the Lair of Beasts
 13849 | Lair:5   | Found a runed translucent door.
 13850 | Lair:5   | Found a viscous altar of Jiyva.
 13856 | Lair:5   | Found a staircase to the Slime Pits.
 13895 | Lair:5   | Reached skill level 18 in Polearms
 13948 | Lair:5   | Noticed Urug
 13955 | Lair:5   | Killed Urug
 13971 | Lair:5   | Reached XP level 14. HP: 125/125 MP: 14/14
 14225 | Lair:5   | Found a large runed translucent door.
 14226 | Lair:5   | Found a large runed translucent door.
 14874 | Lair:5   | Bought the ring "Soismun" {rN+ rCorr AC+4} for 739 gold
                  | pieces
 15021 | Orc:1    | Entered Level 1 of the Orcish Mines
 15378 | Orc:1    | Reached skill level 19 in Polearms
 15595 | Orc:1    | Found a radiant altar of Vehumet.
 15845 | Orc:2    | Entered Level 2 of the Orcish Mines
 15845 | Orc:2    | Found Gesaqag's Antique Armour Shop.
 15856 | Orc:2    | Found Duggu's Magic Scroll Shoppe.
 15857 | Orc:2    | Bought a pair of encrusted boots for 304 gold pieces
 15857 | Orc:2    | Identified the +2 pair of boots of the Poles {-Cast rF+
                  | Str+3} (You bought it in a shop on level 2 of the Orcish
                  | Mines)
 15923 | Orc:2    | Found a staircase to the Elven Halls.
 15957 | Orc:2    | Found Iwuur's Weapon Shop.
 15968 | Orc:2    | Bought the +11 war axe of Uvufan {vorpal, *Rage rPois rCorr
                  | SInv} for 1028 gold pieces
 16144 | Orc:2    | Noticed an orc warlord
 16152 | Orc:2    | Killed an orc warlord
 16239 | Orc:2    | Found Serranafu's General Store.
 16262 | Orc:2    | Found Itzuonn's General Store.
 16340 | Orc:2    | Bought a lightning rod (4/4) for 420 gold pieces
 16370 | Orc:2    | Noticed an orc warlord
 16387 | Orc:2    | Killed an orc warlord
 16646 | Orc:2    | Reached skill level 20 in Polearms
 16646 | Orc:2    | Reached skill level 5 in Stealth
 16648 | Orc:2    | Reached XP level 15. HP: 136/136 MP: 15/15
 16714 | Orc:2    | Found Rosk's Antique Weapon Emporium.
 16714 | Orc:2    | Found Nila's Book Shoppe.
 16715 | Orc:2    | Found a one-way gate leading to the halls of Pandemonium.
 17151 | D:11     | Found a runed translucent door.
 17195 | D:11     | Found a runed translucent door.
 17331 | D:11     | Found a portal to a secret trove of treasure.
 17571 | D:11     | Found a runed translucent door.
 17767 | D:11     | Identified the +10 war axe of Ignis's Favour {pain, +Blink
                  | Str-2 Int+6}
 18063 | D:12     | Found a runed translucent gate.
 18063 | D:12     | Found a runed translucent gate.
 18611 | D:12     | Found a runed translucent gate.
 18630 | D:12     | Noticed KennySheep's ghost (journeyman DgCj)
 18780 | D:12     | Killed KennySheep's ghost
 18836 | D:12     | Got the ring of Onyuk {Fire Will+}
 19038 | D:13     | Noticed Frances
 19048 | D:13     | Killed Frances
 19049 | D:13     | Reached skill level 21 in Polearms
 19072 | D:13     | Found Piycoxt's Book Boutique.
 19638 | D:14     | Reached skill level 15 in Fighting
 19654 | D:14     | Found Zin's Purification Station.
 19657 | D:14     | Found a glowing silver altar of Zin.
 19673 | D:14     | Bought a potion of curing for 90 gold pieces
 19721 | D:14     | Reached XP level 16. HP: 136/149 MP: 16/16
 19834 | D:14     | Found a gate to the Vaults.
 20022 | D:14     | Found a blossoming altar of Fedhas.
 20260 | D:11     | You paid a toll of +3 storm dragon scales to enter a
                  | treasure trove
 20261 | Trove    | Entered a treasure trove
 20278 | Trove    | Identified the ring "Fudwy" {Will+ Int-5 Dex+3 Slay+3}
 20279 | Trove    | Identified the ring "Hilots" {rPois rN++ Str+2 Dex-4
                  | Stlth+}
 20280 | Trove    | Identified the amulet "Fufurin" {Spirit +Blink Will- Int+4
                  | SInv}
 20281 | Trove    | Identified the ring of Nirghyuth {rCorr Int+2}
 20284 | Trove    | Identified the ring "Rohuxoos" {Wiz *Corrode rPois Str-5
                  | Slay+5}
 20285 | Trove    | Identified the ring "Quijamu" {Contam rC+ EV+4 Int+5}
 20286 | Trove    | Identified the ring "Nouh" {Ice rPois}
 20287 | Trove    | Identified the ring of Banicawe {rC+ Str+3 Int+6 Dex+5}
 20599 | Spider:1 | Entered Level 1 of the Spider Nest
 21327 | Spider:1 | Found a runed translucent gate.
 21328 | Spider:1 | Found a runed translucent gate.
 21328 | Spider:1 | Found a runed translucent gate.
 21333 | Spider:1 | Noticed ytrimaz's ghost (journeyman OpTm)
 21333 | Spider:1 | Noticed retardedninja's ghost (journeyman MiFi)
 21347 | Spider:1 | Killed ytrimaz's ghost
 21353 | Spider:1 | Killed retardedninja's ghost
 21643 | Spider:2 | Noticed Nikola
 21905 | Spider:2 | Killed Nikola
 23385 | Spider:2 | Noticed Mlioglotl
 23390 | Spider:2 | Reached skill level 22 in Polearms
 23401 | Spider:2 | Killed Mlioglotl
 23668 | Spider:3 | Reached XP level 17. HP: 159/160 MP: 17/17
 24473 | Spider:4 | Entered Level 4 of the Spider Nest
 24530 | Spider:4 | Noticed Louise
 24559 | Spider:4 | Killed Louise
 24565 | Spider:4 | Reached skill level 15 in Armour
 24961 | Spider:4 | Noticed Arachne
 24974 | Spider:4 | Killed Arachne
 25445 | Spider:4 | Reached skill level 5 in Evocations
 25503 | Spider:4 | Got a gossamer rune of Zot
 25508 | Spider:4 | Reached skill level 23 in Polearms
 26379 | Slime:1  | Entered Level 1 of the Pits of Slime
 26536 | Slime:1  | Noticed an acid blob
 26542 | Slime:1  | Killed an acid blob
 26626 | Slime:1  | Noticed an acid blob
 26634 | Slime:1  | Killed an acid blob
 27330 | Slime:3  | Reached XP level 18. HP: 159/173 MP: 16/18
 30295 | Slime:5  | Entered Level 5 of the Pits of Slime
 30322 | Slime:5  | Paralysed by a great orb of eyes for 3 turns
 30334 | Slime:4  | Paralysed by a great orb of eyes for 4 turns
 30606 | Slime:5  | Gained mutation: Your magical capacity is low. (-10% MP) [a
                  | shining eye]
 31191 | Slime:4  | HP: 8/174 [acid (2)]
 31191 | Slime:4  | HP: 1/174 [acid blob/splash of acid (7)]
 31191 | Slime:4  | Slain by a slime creature

Illustrated notes

Levels and vault maps discovered:
D:1:      noname_arrival_rooms_in_the_neighbourhood, layout_basic,
          basic_ecumenical_altar, chequers_serial_rivers_micro_b
D:2:      layout_basic, chequers_mini_garden, minmay_octomino_j4
D:3:      layout_rooms
D:4:      layout_gridville, minmay_temple_entry_wispy, serial_shops,
          nicolae_shop_overgrown_old_shop, minmay_misc_feat_square,
          kennysheep_donut, uniq_pikel
D:5:      layout_loops_ring, overflow_temple_1_default, uniq_eustachio
D:6:      layout_loops_corners, uniq_crazy_yiuf_cottage, uniq_duvessa
D:7:      layout_basic, nicolae_gozag_zags_fifth_avenue,
          ebering_ghost_reflecting_pool
D:8:      layout_gridville, serial_shops, nicolae_shop_behind_doors,
          uniq_prince_ribbit1, uniq_maurice
D:9:      layout_loops_ring, cheibriados_altar_1,
          nicolae_dithmenos_through_a_glass_darkly, erik_lair_island,
          minmay_orc_keep
D:10:     layout_gridville, zombieorc1_lemuel, serial_shops,
          nicolae_diamond_shop
D:11:     minmay_the_grid_four_pointed_star_mashed
          [minmay_the_grid_triangle_9x9_skeleton,
          minmay_the_grid_triangle_9x9_warning,
          minmay_the_grid_triangle_9x9_odd_lines,
          minmay_the_grid_triangle_9x9_fully_insulated_deathbox,
          minmay_the_grid_prize_four_corners_diamond_a], layout_cave_pools,
          enter_trove_6, serial_park, serial_park_square2, serial_park_square3
          [serial_park_minivault_5x5_1], serial_park_tiny_pond, dk_vineyard_3
D:12:     layout_irregular_city, gammafunk_ghost_icy
D:13:     layout_loops_cross, serial_shops, shop_fountains, serial_bayou_pond_d,
          hangedman_aviary, uniq_frances
D:14:     layout_basic, skrybe_vaults_entry_preservation, fedhas_altar_3,
          nrook_mini_backslash, zin_purify
Temple:   regret_index_temple_chain_breaker
Lair:1:   layout_chaotic_city, infiniplex_staircase_pool
Lair:2:   layout_regular_city, spider_nest_entry_webs, uniq_sonja
Lair:3:   regret_index_bee_streams, layout_regular_city,
          minmay_shoals_entry_hut, nicolae_quartered_pool_impasse
Lair:4:   layout_cellular_growth, lemuel_fruit_tree, infiniplex_staircase_pool_2
Lair:5:   cheibrodos_lair_end_hotspot, layout_hall_layers, slime_entry_2,
          uniq_urug
Spider:1: layout_spider_delve, gammafunk_ghost_cemetery
Spider:2: layout_cave_pods, nicolae_spider_rock_and_or_roll, uniq_mlioglotl,
          uniq_nikola
Spider:3: layout_spider_delve
Spider:4: grunt_spider_rune_circles, uniq_arachne, uniq_louise
Slime:1:  cheibrodos_slime_lost_civilization_9, layout_caves,
          cheibrodos_slime_lost_civilization_4
Slime:2:  layout_caves, uniq_dissolution
Slime:3:  layout_caves, nicolae_slime_welcoming_committee
Slime:4:  layout_caves, basic_altar
Slime:5
Orc:1:    layout_caves, basic_altar
Orc:2:    pf_orc_diabolical, layout_diamond_mine, serial_shops, shop,
          nicolae_shop_statue_plus, shop

Skill      XL: |  1  2  3  4  5  6  7  8  9 10 11 12 13 14 15 16 17 18 |
---------------+-------------------------------------------------------+-----
Fighting       | 4 5 6 7 9 10 11 13 15 16 18 | 18.9
Axes           | 3 4 |  4.3
Armour         | 4 5 6 7 8 9 10 11 12 14 15 16 | 16.4
Polearms       | 1 3 5 6 7 10 12 14 16 18 20 21 22 23 | 23.4
Shields        | 4 |  4.0
Throwing       | 1 2 4 |  4.8
Dodging        | 1 2 3 4 |  4.4
Stealth        | 1 2 3 5 6 7 8 |  8.7
Evocations     | 1 4 5 |  5.4

Action                   |  1- 3 |  4- 6 |  7- 9 | 10-12 | 13-15 | 16-18 || total
-------------------------+-------+-------+-------+-------+-------+-------++-------
Melee: War axe           |    85 |       |       |       |       |       ||    85
       Glaive            |     7 |    54 |   101 |   291 |   696 |   651 ||  1800
Throw: Javelin           |       |    18 |    26 |    13 |       |       ||    57
Invok: Potion Petition   |       |       |       |       |     2 |       ||     2
       Call Merchant     |       |       |       |       |     1 |       ||     1
Evoke: Wand              |       |       |       |    41 |     6 |    16 ||    63
  Use: Potion            |       |     1 |     4 |     1 |     6 |    16 ||    28
       Scroll            |       |       |       |    21 |     5 |     5 ||    31
 Stab: Distracted        |       |       |       |     4 |    19 |    23 ||    46
       Invisible         |       |       |       |       |     5 |     7 ||    12
Armor: Scale mail        |    57 |    33 |    42 |    35 |       |       ||   167
       Storm dragon scal |       |       |       |   139 |   255 |    45 ||   439
       Chain mail        |       |       |       |       |       |   239 ||   239
Dodge: Dodged            |    41 |    25 |    43 |   155 |   152 |   149 ||   565
Block: Buckler           |    20 |       |       |       |       |       ||    20

Table legend: (Time is in decaauts)
 A = Elapsed time spent in this place.
 B = Non-inter-level travel time spent in this place.
 C = Inter-level travel time spent in this place.
 D = Time resting spent in this place.
 E = Time spent auto-exploring this place.
 F = Levels seen in this place.
 G = Mean time per level.
                   A        B        C        D        E       F      G
               +--------+--------+--------+--------+--------+-----+--------+
         Total |  30836 |  29273 |   1563 |   8449 |  16293 |  32 |  963.6 |
       Dungeon |  12725 |  11750 |    975 |   2356 |   7378 |  14 |  908.9 |
        Temple |    155 |    139 |     16 |      0 |    123 |   1 |  155.0 |
          Lair |   6084 |   5755 |    329 |   1131 |   3806 |   5 | 1216.8 |
   Spider Nest |   5436 |   5269 |    167 |   2273 |   2284 |   4 | 1359.0 |
    Slime Pits |   4770 |   4737 |     33 |   2689 |   1631 |   5 |  954.0 |
  Orcish Mines |   1525 |   1482 |     43 |      0 |   1066 |   2 |  762.5 |
         Trove |    137 |    137 |      0 |      0 |      3 |   1 |  137.0 |
               +--------+--------+--------+--------+--------+-----+--------+

Top non-repeatable levels by time:
 Slime:3: 1876 daAuts
     D:9: 1839 daAuts
Spider:1: 1633 daAuts
  Lair:2: 1626 daAuts
  Lair:3: 1422 daAuts
    D:10: 1411 daAuts
Spider:4: 1378 daAuts
Spider:2: 1367 daAuts
 Slime:4: 1355 daAuts
     D:8: 1323 daAuts
  Lair:5: 1208 daAuts
     D:6: 1172 daAuts
  Lair:4: 1060 daAuts
Spider:3: 1057 daAuts
   Orc:2: 1005 daAuts
